 Dungeon Crawl Stone Soup version 0.26-a0-519-gb2f46efeda (webtiles) character file.

Game seed: 139205101773260754

86 Ge0ff the Covert (level 4, 0/41 HPs)
             Began as a Gnoll Delver on Aug 11, 2020.
             Was an Initiate of Okawaru.
             Killed from afar by Natasha (6 damage)
             ... with a magic dart
             ... on level 3 of the Dungeon.
             The game lasted 00:04:11 (1034 turns).

Ge0ff the Covert (Gnoll Delver)                     Turns: 1034, Time: 00:04:12

Health: 0/41       AC:  5    Str: 12 (15) XL:     4   Next: 50%
Magic:  5/5        EV: 13    Int:  9 (12) God:    Okawaru [......]
Gold:   85         SH:  0    Dex: 16 (17) Spells: 5/5 levels left

rFire    . . .     SeeInvis .   a - +0 falchion
rCold    . . .     Faith    .   (no shield)
rNeg     . . .     Spirit   .   O - +0 ring mail
rPois    .         Reflect  .   (no helmet)
rElec    .         Harm     .   (no cloak)
rCorr    .                      (no gloves)
MR       .....                  (no boots)
Stlth    ++++......             (no amulet)
HPRegen  0.13/turn              (no ring)
MPRegen  0.09/turn              (no ring)

@: stab, hasted, very quick
A: distributed training, fangs 1, strong nose
a: Renounce Religion


You were on level 3 of the Dungeon.
You worshipped Okawaru.
Okawaru was noncommittal.
You visited 1 branch of the dungeon, and saw 4 of its levels.

You collected 85 gold pieces.

Inventory:

Hand Weapons
 a - a +0 falchion (weapon)
 w - a +0 dagger
Missiles
 g - a throwing net {=f}
 J - 29 stones
 M - 7 poisoned darts (quivered)
Armour
 b - a +0 leather armour
 I - a +0 plate armour
 O - a +0 ring mail (worn)
Wands
 d - a wand of digging (7)
 s - a wand of disintegration (11)
Scrolls
 m - a scroll of magic mapping
 E - a scroll of fear
 F - a scroll of fog
 K - a scroll of immolation {unknown}
 L - a scroll of blinking {unknown}
 Q - a scroll of identify {unknown}
 R - a scroll of teleportation {unknown}
 S - a scroll of remove curse {unknown}
Potions
 H - 3 potions of haste {!q}


   Skills:
 + Level 6.6 Fighting
 + Level 1.1 Short Blades
 + Level 4.6 Long Blades
 + Level 1.1 Axes
 + Level 1.1 Maces & Flails
 + Level 1.1 Polearms
 + Level 1.1 Staves
 + Level 1.1 Slings
 + Level 1.1 Bows
 + Level 1.1 Crossbows
 + Level 1.1 Throwing
 + Level 1.1 Armour
 + Level 4.6 Dodging
 + Level 9.6 Stealth
 + Level 1.1 Shields
 + Level 1.1 Unarmed Combat
 + Level 1.1 Spellcasting
 + Level 0.9 Conjurations
 + Level 0.9 Hexes
 + Level 0.9 Summonings
 + Level 0.9 Necromancy
 + Level 0.9 Translocations
 + Level 0.9 Transmutations
 + Level 0.9 Fire Magic
 + Level 0.9 Ice Magic
 + Level 0.9 Air Magic
 + Level 0.9 Earth Magic
 + Level 0.9 Poison Magic
 + Level 1.2 Invocations
 + Level 1.1 Evocations


You had 5 spell levels left.
You didn't know any spells.
Your spell library was empty.

Dungeon Overview and Level Annotations

Branches:
Dungeon (5/15)
 Temple: D:4-7

Altars:
Makhleb
Okawaru
Wu Jian

Annotations:
D:2 Terence
D:3 Natasha


Innate Abilities, Weirdness & Mutations

Your experience applies equally to all skills.
You have very sharp teeth.
Your uncanny sense of smell can sniff out nearby items.


Message History

Natasha is severely wounded.
You barely miss Natasha. Your bite misses Natasha.
Natasha is severely wounded.
The kobold hits you. Natasha closely misses you.
You closely miss Natasha.
Natasha is severely wounded.
The kobold closely misses you. Natasha claws you.
You closely miss Natasha. You bite Natasha, but do no damage.
Natasha is severely wounded.
You hit Natasha but do no damage. You bite Natasha, but do no damage.
Natasha is severely wounded.
The kobold barely misses you.
You riposte.
You miss the kobold. Natasha claws you!
* * * LOW HITPOINT WARNING * * *
You hit Natasha. You bite Natasha.
Natasha is almost dead.
The kobold barely misses you. Natasha casts a spell at you.
The magic dart hits you.
You die...

..#..####........#.####..#
..#....>....#..........)####
....##.###......#....#......
....##.............#........
.#####...##.....#....#......
## #...#.......$..........
######......................
.........##......##.........
.######.........@hl.........
.................K.###......
.........#.>.......# .....
....................# #....
..##....#..##......... ..
#...................###
..#.....#####.......#
.#...##.# ........# ...#.#


You could see Natasha (strong), a leopard gecko and a kobold.

Vanquished Creatures
  Ijyb (D:3)
  A worker ant (D:4)
  A hound skeleton (D:3)
  An ufetubus (D:5)
  5 orcs
  A hobgoblin (D:3)
  3 jackals (D:5)
  3 bats (D:3)
  2 frilled lizards
  A rat (D:3)
19 creatures vanquished.

Notes
Turn   | Place    | Note
-------+----------+-------------------------------------------
     0 | D:5      | Reached skill level 9 in Stealth
     0 | D:5      | Ge0ff the Gnoll Delver began the quest for the Orb.
     0 | D:5      | Reached XP level 1. HP: 23/23 MP: 1/1
    22 | D:5      | Noticed an orc priest
    22 | D:5      | Noticed an orc priest
   291 | D:5      | Reached XP level 2. HP: 29/29 MP: 2/2
   582 | D:4      | Reached skill level 1 in Invocations
   582 | D:4      | Reached XP level 3. HP: 25/35 MP: 2/4
   740 | D:3      | Noticed Natasha
   744 | D:3      | Found an ornate altar of the Wu Jian Council.
   746 | D:3      | Found an iron altar of Okawaru.
   748 | D:3      | Noticed Ijyb
   761 | D:3      | Became a worshipper of Warmaster Okawaru
   769 | D:3      | Killed Ijyb
   769 | D:3      | Reached skill level 1 in Short Blades
   769 | D:3      | Reached skill level 1 in Axes
   769 | D:3      | Reached skill level 1 in Maces & Flails
   769 | D:3      | Reached skill level 1 in Polearms
   769 | D:3      | Reached skill level 1 in Staves
   769 | D:3      | Reached skill level 1 in Slings
   769 | D:3      | Reached skill level 1 in Bows
   769 | D:3      | Reached skill level 1 in Crossbows
   769 | D:3      | Reached skill level 1 in Throwing
   769 | D:3      | Reached skill level 1 in Armour
   769 | D:3      | Reached skill level 1 in Shields
   769 | D:3      | Reached skill level 1 in Unarmed Combat
   769 | D:3      | Reached skill level 1 in Spellcasting
   769 | D:3      | Reached skill level 1 in Evocations
   769 | D:3      | Reached XP level 4. HP: 37/41 MP: 5/5
   818 | D:3      | Found a burning altar of Makhleb.
   818 | D:3      | Noticed an Executioner
   821 | D:3      | Noticed an orange demon
   821 | D:3      | Noticed a hellwing
  1020 | D:2      | Noticed Terence
  1034 | D:3      | Killed from afar by Natasha

Illustrated notes

Levels and vault maps discovered:
D:2:      kennysheep_the_goblin_king, layout_loops_ring,
          kiku_gazebo_garden_becter, lemuel_crystal_altar, uniq_jessica,
          uniq_terence
D:3:      layout_rooms, eat_drink_and_be_merry_uskayaw,
          chequers_temple_overflow_statue_of_worship, makhleb_altar_promises_db,
          chequers_serial_rivers_micro_e, uniq_natasha, uniq_ijyb
D:4:      layout_basic, lemuel_crystal_altar, lemuel_zombie_altar_yredelemnul,
          uniq_crazy_yiuf_cottage, uniq_menkaure
D:5:      layout_loops_ring, nemelex_xobeh_ov_fountains_minmay,
          chequers_mini_garden, uniq_edmund

Skill      XL: |  1  2  3 |
---------------+----------+-----
Stealth        | |  9.6
Invocations    | 1 |  1.2
Short Blades   | 1 |  1.1
Axes           | 1 |  1.1
Maces & Flails | 1 |  1.1
Polearms       | 1 |  1.1
Staves         | 1 |  1.1
Slings         | 1 |  1.1
Bows           | 1 |  1.1
Crossbows      | 1 |  1.1
Throwing       | 1 |  1.1
Armour         | 1 |  1.1
Shields        | 1 |  1.1
Unarmed Combat | 1 |  1.1
Spellcasting   | 1 |  1.1
Evocations     | 1 |  1.1
Fighting       | |  6.6
Long Blades    | |  4.6
Dodging        | |  4.6
Conjurations   | |  0.9
Hexes          | |  0.9
Summonings     | |  0.9
Necromancy     | |  0.9
Translocations | |  0.9
Transmutations | |  0.9
Fire Magic     | |  0.9
Ice Magic      | |  0.9
Air Magic      | |  0.9
Earth Magic    | |  0.9
Poison Magic   | |  0.9

Action                   |  1- 3 |  4- 6 || total
-------------------------+-------+-------++-------
Melee: Falchion          |    54 |    30 ||    84
       Bite              |     6 |     7 ||    13
Throw: Stone             |     5 |     2 ||     7
  Use: Potion            |       |     3 ||     3
 Stab: Sleeping          |     1 |     2 ||     3
Armor: Leather armour    |    14 |       ||    14
       Ring mail         |       |    10 ||    10
Dodge: Dodged            |    39 |    29 ||    68
       Rpst.: Falchion   |    13 |    10 ||    23

Table legend: (Time is in decaauts)
 A = Elapsed time spent in this place.
 B = Non-inter-level travel time spent in this place.
 C = Inter-level travel time spent in this place.
 D = Time resting spent in this place.
 E = Time spent auto-exploring this place.
 F = Levels seen in this place.
 G = Mean time per level.
                   A        B        C        D        E       F      G
               +--------+--------+--------+--------+--------+-----+--------+
         Total |   1035 |   1035 |      0 |    356 |     68 |   4 |  258.8 |
       Dungeon |   1035 |   1035 |      0 |    356 |     68 |   4 |  258.8 |
               +--------+--------+--------+--------+--------+-----+--------+

Top non-repeatable levels by time:
     D:5: 448 daAuts
     D:3: 312 daAuts
     D:4: 272 daAuts
     D:2: 2 daAuts
